 Dungeon Crawl Stone Soup version 0.21.1-1-g345015f (webtiles) character file.

153 Fang the Shield-Bearer (level 5, 0/33 HPs)
             Began as a Gargoyle Fighter on May 8, 2018.
             Slain by suicidejoker's ghost (4 damage)
             ... on level 3 of the Dungeon.
             The game lasted 00:01:37 (1803 turns).

Fang the Shield-Bearer (Gargoyle Fighter)           Turns: 1803, Time: 00:01:38

Health: 0/33       AC: 11    Str: 20    XL:     5   Next: 35%
Magic:  5/5        EV:  7    Int:  9    God:
Gold:   52         SH:  9    Dex:  9    Spells: 4/4 levels left

rFire    . . .     SeeInvis .   a - +1 war axe
rCold    . . .     Gourm    .   c - +0 shield
rNeg     + . .     Faith    .   b - +0 scale mail
rPois    ∞         Spirit   .   (no helmet)
rElec    +         Reflect  .   (no cloak)
rCorr    .         Harm     .   (no gloves)
MR       .....                  (no boots)
Stlth    ..........             (no amulet)
HPRegen  0.11/turn              (no ring)
MPRegen  0.09/turn              (no ring)

@: flying
A: negative energy resistance 1, electricity resistance, unbreathing,
petrification resistance, rot immunity, AC +4
a: no special abilities


You were on level 3 of the Dungeon.
You were very hungry.

You visited 1 branch of the dungeon, and saw 3 of its levels.

You collected 52 gold pieces.

Inventory:

Hand Weapons
 a - a +1 war axe (weapon)
Armour
 b - a +0 scale mail (worn)
 c - a +0 shield (worn)
Potions
 d - 2 potions of might
Comestibles
 f - 5 rations


   Skills:
 + Level 3.8 Fighting
 + Level 3.4 Axes
 + Level 3.8 Armour
 + Level 0.8 Dodging
 + Level 0.2 Stealth
 + Level 4.1 Shields


You had 4 spell levels left.
You didn't know any spells.

Dungeon Overview and Level Annotations

Branches:
Dungeon (3/15)

Altars:
Ashenzari

Annotations:
D:3 suicidejoker's ghost, amateur DsFi


Innate Abilities, Weirdness & Mutations

You are resistant to torment.
Your stone body is resilient. (AC +4)
You are immune to poison.
You resist negative energy. (rN+)
You are resistant to electric shocks. (rElec)
You can survive without breathing.
You are immune to petrification.
You are immune to rotting.


Message History

Suicidejoker's ghost is moderately damaged.
Suicidejoker's ghost closely misses you.
Suicidejoker's ghost hits you but does no damage.
Unknown command.
You closely miss suicidejoker's ghost.
Suicidejoker's ghost is moderately damaged.
Suicidejoker's ghost hits you.
* * * LOW HITPOINT WARNING * * *
You barely miss suicidejoker's ghost.
Suicidejoker's ghost is moderately damaged.
Suicidejoker's ghost whispers, "Death is liberation."
Suicidejoker's ghost hits you but does no damage.
Suicidejoker's ghost barely misses you.
You slash suicidejoker's ghost!
Suicidejoker's ghost is heavily damaged.
Suicidejoker's ghost barely misses you.
You barely miss suicidejoker's ghost.
Suicidejoker's ghost is heavily damaged.
Suicidejoker's ghost hits you.
You die...

###....... ........
####......# .........#
#.......# #.......#
#..)....#####
#############.?W.......
...............@.......
#......######.........
#......# #.........
#..>...# ##########
#......# ##########
##......# #........#
........# #).......#
........# #........#
........#### #........#


You could see suicidejoker's ghost.

Vanquished Creatures
  A crimson imp (D:3)
  Natasha (twice) (D:2)
  2 adders
  2 oozes
  A worm (D:2)
  A dart slug (D:1)
  3 bats (D:2)
  5 giant cockroaches
  5 goblins
  5 hobgoblins
  3 jackals (D:2)
  2 kobolds
  2 frilled lizards
  2 rats
36 creatures vanquished.

Notes
Turn   | Place    | Note
-------+----------+-------------------------------------------
     0 | D:1      | Fang the Gargoyle Fighter began the quest for the Orb.
     0 | D:1      | Reached XP level 1. HP: 14/14 MP: 1/1
    74 | D:1      | Reached XP level 2. HP: 17/19 MP: 2/2
   607 | D:2      | Found a shattered altar of Ashenzari.
   691 | D:2      | Reached XP level 3. HP: 17/23 MP: 3/3
  1294 | D:2      | Noticed Natasha
  1307 | D:2      | Killed Natasha
  1307 | D:2      | Reached skill level 4 in Shields
  1307 | D:2      | Reached XP level 4. HP: 16/29 MP: 4/4
  1582 | D:2      | Noticed Natasha
  1586 | D:2      | Killed Natasha
  1718 | D:3      | Reached XP level 5. HP: 33/33 MP: 5/5
  1772 | D:3      | Noticed suicidejoker's ghost (amateur DsFi)
  1803 | D:3      | Slain by suicidejoker's ghost

Skill      XL: |  1  2  3  4 |
---------------+-------------+-----
Axes           | 2 3 |  3.4
Shields        | 4 |  4.1
Fighting       | |  3.8
Armour         | |  3.8
Dodging        | |  0.8
Stealth        | |  0.2

Action                   |  1- 3 |  4- 6 || total
-------------------------+-------+-------++-------
Melee: War axe           |   100 |    67 ||   167
  Use: Scroll            |       |     2 ||     2
       Potion            |       |     2 ||     2
  Eat: Chunk             |     1 |     1 ||     2
Armor: Scale mail        |    35 |    45 ||    80
Dodge: Dodged            |    39 |    29 ||    68
Block: Shield            |    49 |    30 ||    79
